← All builds
Tech / Armada / Economy first / OBSERVED BUILD

Standard tech

Armada Tech (Eco) build order · Supreme Isthmus

Rushes T2 by 4:15, gets Advanced Metal Extractor around 5:28, hands off T2 constructors to Geo and the team, then scales eco and supplies the team's T2 needs through the rest of the game.

Usually first T2 con to Geo (83%)

#eco #t2 #team support · 1590 distinct matches · 256 players · 58% of Armada Tech games · team won 53% of 1886 · Recently observed

HOW TO PLAY IT

Key timing: T2 factory by 4:15

  1. Open 3 mex and heavy wind to fund a fast T2 rush.
  2. Put down Bot Lab, planning to eat it for reclaim soon after.
  3. Get Advanced Bot Lab up, hitting the T2 factory rush timing.
  4. Upgrade mex to Advanced Metal Extractor to lock in team metal income.
  5. Eat Advanced Bot Lab and keep sending cons to Geo and Pond.

Phase by phase

TYPICAL OF ITS 1590 GAMES
  1. 1
  2. 2
  3. 3
  4. 4
PLAY THE OPENING

Follow the example game's first 6:00 step by step: what to build now, what comes next, and where it goes. At 1× it keeps pace with your own game.

  1. 1

    Up to the Bot Lab

    Economy
    • Metal Extractor3Mex
    • Wind Turbine4Wind
    Order
    1. Bot LabBot Lab after 3 mex, 4 winddone ~1:18, middle half 1:13–1:32

    Some games also: energy storage (31%)

    By 1:01 in all: 3 mex · 4 wind

    The example game in this phase · 3 steps
    1. Mex ×3
    2. Wind ×3
    3. Bot LabBot Labdone 1:09 · typical 1:18
  2. 2

    Bot Lab to Advanced Bot Lab

    Economy
    • Metal Extractor1Mex
    • Wind Turbine8Wind
    • Energy Storage1Energy storage
    Order
    1. Advanced Bot LabAdvanced Bot Lab after 4 mex, 12 wind, 3 con turretdone ~4:16, middle half 4:04–4:30
    Builders
    • Construction Turret3 Con turret
    • Lazarus3 Lazarus
    • Construction Bot2 Con bot
    • Construction Bot1 Con bot for allies

    Some games also: converter (36%)

    By 3:18 in all: 4 mex · 12 wind · 1 energy storage · 3 con turret

    The example game in this phase · 15 steps
    1. Solar
    2. LazarusLazarus
    3. Solar
    4. Construction BotCon bot
    5. LazarusLazarus
    6. Construction BotCon bot
    7. Construction BotCon botfor Air
    8. Wind
    9. Con turret
    10. Wind ×2
    11. LazarusLazarus
    12. Con turret
    13. Mex
    14. Wind ×2
    15. Advanced Bot LabAdvanced Bot Labnot finished by 15:00 · typical 4:16
  3. 3

    Advanced Bot Lab to 5:00

    Economy
    • Wind Turbine3Wind
    Order
    1. Bot LabEat Bot Lab
    Builders
    • Advanced Construction Bot1 T2 con bot for allies

    Some games also: converter (35%)

    By 5:00 in all: 4 mex · 15 wind · 1 converter · 1 energy storage · 3 con turret

    The example game in this phase · 12 steps
    1. Wind
    2. Bot LabEat Bot Labreclaimed for its metal
    3. Wind
    4. Energy storage
    5. Wind ×3
    6. Advanced Bot LabAdvanced Bot Labdone 4:33
    7. Converter ×2
    8. Advanced Construction BotT2 con botfor Geo
    9. Converter
    10. Advanced Metal ExtractorT2 mexdone 5:27 · typical 5:29
    11. FatboyFatboyfor Ponddone 5:42
    12. Converter
  4. 4

    5:00 to 10:00

    Economy
    • Wind Turbine43Wind
    • Energy Converter6Converter
    Builders
    • Butler9 Butler
    • Advanced Construction Bot4 T2 con bot for allies
    • Advanced Construction Bot1 T2 con bot

    Some games also: con turret (43%) · Butler for allies (37%)

    By 10:00 in all: 4 mex · 58 wind · 8 converter · 1 energy storage · 3 con turret

    The example game in this phase · 164 steps
    1. Con turret
    2. Advanced Construction BotT2 con botfor Air
    3. Con turret
    4. Converter
    5. Advanced Metal ExtractorT2 mex
    6. Converter
    7. Advanced Metal ExtractorT2 mex
    8. Converter ×2
    9. Advanced Metal ExtractorT2 mex
    10. ButlerButler ×2
    11. Advanced Construction BotT2 con bot ×4for Geo sea
    12. Wind
    13. ButlerButler
    14. Wind ×2
    15. ButlerButler
    16. Wind
    17. ButlerButler
    18. Wind ×3
    19. ButlerButler
    20. Wind ×2
    21. ButlerButler
    22. Wind ×3
    23. ButlerButler
    24. Wind ×3
    25. ButlerButler
    26. Wind ×4
    27. ButlerButler
    28. Wind ×6
    29. Advanced Construction BotT2 con bot
    30. Wind ×3
    31. Converter ×2
    32. Wind ×5
    33. Converter
    34. Wind
    35. ButlerButler
    36. Converter
    37. Wind ×3
    38. CitadelAnti-nukedone 11:18
    39. Converter
    40. ButlerButler
    41. Wind ×2
    42. Converter
    43. Wind ×3
    44. ButlerButler
    45. Wind
    46. Converter ×2
    47. ButlerButler
    48. Wind ×3
    49. Converter
    50. Wind ×2
    51. Converter
    52. Wind ×4
    53. Converter ×2
    54. Wind ×4
    55. Converter ×2
    56. Wind ×5
    57. Converter ×2
    58. Wind ×2
    59. Con turret
    60. Wind ×2
    61. Converter
    62. Wind
    63. Converter
    64. Wind ×4
    65. Converter ×2
    66. Wind ×2
    67. Advanced Bot LabEat Advanced Bot Labreclaimed for its metal
    68. Con turret
    69. Wind ×2
    70. Converter ×2
    71. Wind ×3
    72. Con turret
    73. TracerTracer
    74. Converter
    75. Wind
    76. Converter
    77. Wind ×2
    78. Con turret
    79. Wind ×2
    80. Con turret
    81. Wind
    82. Converter ×2
    83. Con turret
    84. Advanced Fusion ReactorAdvanced Fusion Reactornot finished by 15:00
    85. Wind ×3
    86. Con turret
    87. Converter
    88. Wind ×2
    89. Converter
    90. Wind ×4
    91. Converter ×2
    92. Wind ×3
    93. Converter
    94. Wind
    95. Converter
    96. Wind ×4
    97. Converter
    98. Wind ×2
    99. Converter
    100. Wind ×3
    101. Converter
    102. Wind
    103. Converter
    104. Wind ×6
    105. Converter
    106. Wind
    107. Converter
    108. Wind ×6
    109. Converter
    110. Wind ×3
    111. Converter
    112. Wind ×5
    113. Converter ×2
    114. Wind ×4
    115. Converter
    116. Wind ×3
    117. Converter
    118. Wind ×4
    119. Converter
    120. Wind
    121. Converter
    122. Wind ×5
    123. Converter
    124. Wind ×4
    125. Converter
    126. Wind ×5
    127. Converter
    128. Wind ×2
    129. Converter
    130. Wind ×4
    131. Converter
    132. Wind ×4
    133. Converter
    134. Wind ×5
    135. Converter
    136. Wind ×2
    137. Converter
    138. Wind ×6
    139. Converter
    140. Wind ×2
    141. Converter
    142. Wind ×5
    143. Converter
    144. Wind ×2
    145. Converter
    146. Wind ×3
    147. Converter
    148. Wind ×3
    149. Converter
    150. Wind ×4
    151. Converter
    152. Wind ×2
    153. Converter
    154. Wind ×5
    155. Converter
    156. Wind
    157. Converter
    158. Wind ×5
    159. Converter
    160. Wind ×2
    161. Converter
    162. Wind ×4
    163. Converter
    164. Wind

Counts are medians over the build's games: half of them build more, half fewer. The example game is Seddow's (30 OS, 02/08/2026); pick another.

Team trades

IN AT LEAST 30% OF ITS GAMES

You hand over

  • Construction Bot1 Con bot to Airfirst at 2:23 · in 84% of games
  • Advanced Construction Bot5 T2 con bot to Air or Geo sea or Pondfirst at 4:50 · in 99% of games
  • Butler2 Butler to Geo sea or Beach sea or Pondfirst at 9:07 · in 42% of games

You get

  • Hercules1 Light transport from Airfirst at 4:01 · in 86% of games

How it plays out

Typical game of this build, running totals by minute

Metal produced

020k40k
0:005:0010:0015:00

metal

Enemy metal destroyed

050100
0:005:0010:0015:00

metal

Own metal lost

050100150
0:005:0010:0015:00

metal

1886 games.

Show as table
ByMetal produced: This buildEnemy metal destroyed: This buildOwn metal lost: This build
1:0038300
2:0091500
3:00165200
4:00314400
5:00484800
6:00580200
7:00722700
8:00906300
9:001117700
10:001350900
11:001624700
12:001967300
13:002345400
14:0027362073
15:003155585130
WHAT THE NUMBERS SAY

Standard Tech play barely fights at all early, instead pouring metal into T2 infrastructure and constructors for the team.

  • + Metal produced hits 31679 by 15:00, by far the highest of any role here.
  • + T2 factory reached in 97% of games by 4:15, fastest and most reliable T2 timing.
  • − Enemy metal destroyed stays at 0 through 10:00, no early offense at all.
  • − Own metal lost also near 0, showing total avoidance of combat risk.
THE EXAMPLE YOU ARE READING

Seddow

30.2 OS · 02/08/2026

Open source match ↗

2 received units
2326 metal received · 134584 energy received

Allied construction assistance is unknown. Timings are observations, not a promise of solo reproducibility.

Typical milestones

Bot Lab1:18Middle 50%: 1:13–1:32 · n=1886
Advanced Bot Lab4:16Middle 50%: 4:04–4:30 · n=1879
Advanced Metal Extractor5:29Middle 50%: 5:05–5:59 · n=1882

Played most by

Amrissa92games of this buildTheGeneraI67games of this buildAdeus57games of this buildEl_Turco56games of this buildKOT_43games of this build